 Dungeon Crawl Stone Soup version 0.30-a0-715-gdb4ae3ece1 (webtiles) character file.

Game seed: 11209220778856621595

2170 Leeroy the Carver (level 9, -4/48 HPs)
             Began as a Tengu Warper on Jan 23, 2023.
             Slain by a killer bee (7 damage)
             ... on level 7 of the Dungeon.
             The game lasted 00:13:32 (8638 turns).

Leeroy the Carver (Tengu Warper)                    Turns: 8638, Time: 00:13:33

Health: -4/48      AC:  3    Str: 12    XL:     9   Next: 32%
Magic:  13/13      EV: 19    Int: 19    God:
Gold:   503        SH:  0    Dex: 18    Spells: 3/12 levels left

rFire   . . .      SeeInvis .    a - +0 falchion
rCold   . . .      Faith    .    (no shield)
rNeg    . . .      Spirit   .    b - +0 leather armour
rPois   .          Reflect  .    (helmet restricted)
rElec   .          Harm     .    (no cloak)
rCorr   .          Rampage  .    (no gloves)
Will    .....                    (boots unavailable)
Stlth   +                        (no amulet)
HPRegen 0.28/turn                l - +5 ring of evasion
MPRegen 0.13/turn                q - +6 ring of intelligence

@: lethally poisoned (-4 -> -6), flying quickly and evasively, quick
A: beak, talons 3, nimble flight
a: no special abilities


You were on level 7 of the Dungeon.
You visited 2 branches of the dungeon, and saw 9 of its levels.
You also visited: Ossuary.

You collected 503 gold pieces.

Inventory:

Hand Weapons
 a - a +0 falchion (weapon)
 J - a +5 dagger of holy wrath
Missiles
 d - 3 boomerangs of dispersal
 h - 3 poisoned darts
 K - a boomerang
Armour
 b - a +0 leather armour (worn)
Jewellery
 l - a +5 ring of evasion (left hand)
 m - a ring of poison resistance
 q - a +6 ring of intelligence (right hand)
 C - an amulet of faith
 G - a ring of protection from cold
 L - a +6 ring of intelligence
 M - an amulet of regeneration
 N - a ring of protection from fire
Wands
 y - a wand of polymorph (2)
 D - a wand of light (5) (quivered)
 I - a wand of mindburst (2)
Scrolls
 c - 4 scrolls of blinking
 e - a scroll of magic mapping {unknown}
 i - 3 scrolls of teleportation
 k - 9 scrolls of noise
 o - 4 scrolls of immolation
 p - a scroll of butterflies {unknown}
 s - a scroll of torment {unknown}
 E - a scroll of fog {unknown}
 F - a scroll of fear {unknown}
 H - a scroll of enchant armour {unknown}
Potions
 f - 2 potions of heal wounds
 g - 11 potions of degeneration
 j - a potion of ambrosia {unknown}
 n - 3 potions of attraction
 r - a potion of resistance {unknown}
 t - 2 potions of haste {unknown}
 u - 2 potions of mutation {unknown}
 v - 3 potions of curing
 w - a potion of lignification {unknown}
 x - a potion of berserk rage {unknown}
 z - a potion of brilliance {unknown}
 A - a potion of flight {unknown}
 B - 2 potions of magic {unknown}


   Skills:
 - Level 2.0 Fighting
 + Level 13.0 Long Blades
 - Level 1.0 Throwing
 - Level 1.1 Armour
 - Level 2.1 Dodging
 - Level 2.0 Spellcasting
 - Level 2.4 Translocations
 - Level 2.8 Air Magic
 - Level 0.1 Evocations


You had 3 spell levels left.
You knew the following spells:

 Your Spells              Type           Power      Damage    Failure   Level
a - Blink                 Tloc           22%        N/A       12%         2
b - Vhi's Electric Charg  Tloc/Air       22%        N/A       22%         3
c - Manifold Assault      Tloc           11%        N/A       63%         4

Your spell library contained the following spells:

 Spells                   Type           Power      Damage    Failure   Level
 Apportation              Tloc           22%        N/A       9%          1
 Lesser Beckoning         Tloc           22%        N/A       12%         2
 Poisonous Vapours        Pois/Air       14%        N/A       19%         2
 Sting                    Tmut/Pois      4%         1d3       22%         1
 Teleport Other           Tloc           11%        N/A       24%         3
 Olgreb's Toxic Radiance  Pois           1%         N/A       91%         4
 Alistair's Intoxication  Tmut/Pois      0%         N/A       99%         5


Dungeon Overview and Level Annotations

Branches:
Dungeon (8/15)             Temple (1/1) D:4         Ossuary (visited)
   Lair: D:8-11

Altars:
Ashenzari
Cheibriados
Dithmenos
Elyvilon
Gozag
Hepliaklqana
Kikubaaqudgha
Nemelex Xobeh
Qazlal
Ru
Sif Muna
Trog
Uskayaw
Vehumet
Wu Jian
Xom
Yredelemnul
The Shining One

Annotations:
D:7 Maggie


Innate Abilities, Weirdness & Mutations

You have a beak for a mouth.
You have claws for feet.
Your magical nature lets you fly swiftly and evasively.


Message History

The killer bee completely misses you.
The killer bee is attracted toward you. x3
You fly upwards.
Level annotation: Maggie You feel very sick.
You feel less attractive to monsters.
There is a stone staircase leading down here.
You feel sick.
The killer bee completely misses you. x2
The killer bee closely misses you.
Things that are here:
a +0 cloak; a +0 dagger; the human corpse of Maurice The killer bee attacks as you move away!
The killer bee closely misses you.
The killer bee attacks as you move away!
The killer bee stings you.
You feel sick.
The killer bee stings you but does no damage.
You feel sick. The killer bee stings you. The killer bee barely misses you.
The killer bee completely misses you.
The killer bee attacks as you move away!
The killer bee stings you.
You feel sick. The killer bee stings you.
You are more poisoned.
The killer bee poisons you!
You feel sick. The killer bee completely misses you. The killer bee misses you.
You feel sick. The killer bee closely misses you.
The killer bee attacks as you move away!
The killer bee closely misses you.
You feel sick. The killer bee barely misses you.
You hit the killer bee but do no damage.
The killer bee misses you.
You slash the killer bee! You claw the killer bee.
The killer bee is heavily wounded.
You feel sick. The killer bee stings you.
* * * LOW HITPOINT WARNING * * *
You miss the killer bee. Your kick misses the killer bee.
You punch the killer bee.
The killer bee is severely wounded.
You feel sick. The killer bee stings you.
* * * LOW HITPOINT WARNING * * *
The killer bee stings you!
You die...

#..## ##................
##..## #................
##..## #...............#
##..## ##.............##
##..# #...............
##.## ##........###...
##.## ##....[>######..
##.#########.....###
##...# #........@yy..###
##...##
#..#########....####..###
#### ##.## ###....#..##
#..## #..# ###..†.##
....###..# ##..#######
.....##.## #..###....
.....##.# #.##......
........# #.........
.......## ##.........


You could see 2 killer bees.

Vanquished Creatures
  Maurice (D:7)
  Sigmund (D:5)
  An orc warrior (D:7)
  A black bear (D:6)
  An ice beast (D:6)
  A centaur (D:5)
  4 scorpions
  5 killer bees (D:7)
  A centaur zombie (Ossuary)
  3 orc priests
  4 hounds
  A human zombie (Ossuary)
  3 iguanas
  A jelly (D:4)
  Ijyb (D:5)
  Terence (D:2)
  5 orc wizards
  4 mummies (Ossuary)
  Robin (D:3)
  4 gnolls (D:4)
  13 adders
  A shadow imp (D:6)
  A white imp (D:5)
  2 ufetubi (D:5)
  3 dart slugs
  13 orcs
  7 ball pythons
  4 bats
  5 endoplasms
  2 giant cockroaches (D:4)
  12 hobgoblins
  A quokka (D:4)
  2 frilled lizards (D:1)
  12 goblins
  3 goblin zombies (Ossuary)
  7 kobolds
  2 kobold zombies (Ossuary)
  2 orc zombies
  A rat (D:1)
137 creatures vanquished.

Notes
Turn   | Place    | Note
-------+----------+-------------------------------------------
     0 | D:1      | Leeroy the Tengu Warper began the quest for the Orb.
     0 | D:1      | Reached XP level 1. HP: 12/12 MP: 4/4
   117 | D:1      | Reached XP level 2. HP: 16/17 MP: 6/6
   131 | D:1      | Reached skill level 3 in Long Blades
   409 | D:2      | Learned a level 2 spell: Blink
   477 | D:2      | Noticed Terence
   489 | D:2      | Killed Terence
   490 | D:2      | Reached skill level 4 in Long Blades
   490 | D:2      | Reached XP level 3. HP: 14/21 MP: 7/7
   818 | D:2      | Reached XP level 4. HP: 26/26 MP: 8/8
  1154 | D:3      | Learned a level 3 spell: Vhi's Electric Charge
  1181 | D:3      | Reached skill level 5 in Long Blades
  1210 | D:3      | Found a faded altar of an unknown god.
  1287 | D:3      | Noticed Robin
  2059 | D:3      | Killed Robin
  2173 | D:3      | Gained mutation: Your magical nature lets you fly swiftly
                  | and evasively. [Tengu growth]
  2173 | D:3      | Reached XP level 5. HP: 21/30 MP: 9/9
  2270 | D:3      | Found a white marble altar of Elyvilon.
  2407 | D:4      | Found a sand-covered staircase.
  2418 | Ossuary  | Entered an ossuary
  2555 | Ossuary  | Reached skill level 6 in Long Blades
  2555 | Ossuary  | Reached skill level 1 in Air Magic
  2732 | Ossuary  | Reached XP level 6. HP: 31/35 MP: 10/10
  2919 | Ossuary  | Learned a level 4 spell: Manifold Assault
  3274 | D:4      | Found a staircase to the Ecumenical Temple.
  3283 | Temple   | Entered the Ecumenical Temple
  3337 | Temple   | Reached skill level 7 in Long Blades
  3750 | D:4      | Reached XP level 7. HP: 34/40 MP: 11/11
  4151 | D:5      | Entered Level 5 of the Dungeon
  4151 | D:5      | Noticed Ijyb
  4154 | D:5      | Paralysed by Ijyb for 5 turns
  4174 | D:5      | Killed Ijyb
  4297 | D:5      | Found a shadowy altar of Dithmenos.
  4357 | D:5      | Reached skill level 8 in Long Blades
  4379 | D:5      | Noticed Sigmund
  4601 | D:5      | Reached skill level 9 in Long Blades
  4829 | D:5      | Reached XP level 8. HP: 34/44 MP: 12/12
  5460 | D:6      | Reached skill level 10 in Long Blades
  6023 | D:6      | Found an ancient bone altar of Kikubaaqudgha.
  6315 | D:7      | Noticed Maggie
  6823 | D:5      | Killed Sigmund
  6824 | D:5      | Reached skill level 11 in Long Blades
  8322 | D:8      | Noticed Maurice
  8341 | D:7      | Reached skill level 12 in Long Blades
  8341 | D:7      | Reached XP level 9. HP: 44/48 MP: 13/13
  8611 | D:7      | Killed Maurice
  8612 | D:7      | Reached skill level 13 in Long Blades
  8638 | D:7      | Slain by a killer bee

Illustrated notes

Levels and vault maps discovered:
D:1:      psy_arrival_statuary, layout_rooms
D:2:      layout_loops_ring, serial_rivers, chequers_serial_rivers_large_b,
          chequers_serial_rivers_room_a, chequers_serial_rivers_marsh,
          chequers_serial_rivers_micro_a, grunt_decor_cap,
          kennysheep_generic_room_9, uniq_terence
D:3:      layout_rooms, nicolae_elyvilon_temple_path,
          ebering_ecumenical_altar_abandoned, chequers_arboretum, uniq_robin
D:4:      layout_basic, minmay_temple_entry_mini_moons, enter_ossuary_3,
          ebering_dispersal_statue_hall
D:5:      layout_loops_ring, grunt_dithmenos_smoke, reono_crystal_passage,
          minivault_14, uniq_sigmund, uniq_ijyb
D:6:      layout_cave_pools, mainiacjoe_overflow_24_doors, serial_bayou_pond_c
D:7:      layout_cave_pods, uniq_maggie
D:8:      layout_gridville, zin_angel, general_overflow_altar,
          makhleb_altar_promises_db, minmay_fractal_squares_gapless_5,
          uniq_maurice
Temple:   hellmonk_temple_of_storms

Skill      XL: |  1  2  3  4  5  6  7  8  9 |
---------------+----------------------------+-----
Long Blades    | 4 5 6 7 9 12 13 | 13.0
Air Magic      | 1 2 |  2.8
Fighting       | |  2.0
Throwing       | |  1.0
Armour         | |  1.1
Dodging        | |  2.1
Spellcasting   | |  2.0
Translocations | |  2.4
Evocations     | |  0.1

Action                     |  1- 3 |  4- 6 |  7- 9 || total
---------------------------+-------+-------+-------++-------
  Melee: Falchion          |    60 |   178 |   280 ||   518
         Peck              |     8 |    30 |    57 ||    95
         Kick              |    15 |    62 |    86 ||   163
         Punch             |       |       |     6 ||     6
         Unarmed           |       |       |     7 ||     7
  Throw: Boomerang         |       |     4 |       ||     4
         Dart              |       |     3 |     2 ||     5
   Cast: Blink             |       |       |     2 ||     2
  Evoke: Wand              |       |       |     2 ||     2
    Use: Potion            |       |       |     5 ||     5
         Scroll            |       |       |     2 ||     2
   Stab: Sleeping          |     3 |     4 |     3 ||    10
         Invisible         |       |       |     4 ||     4
 Armour: Leather armour    |    17 |    22 |    32 ||    71
         Skin              |       |       |     2 ||     2
  Dodge: Dodged            |    51 |   164 |   238 ||   453

Table legend: (Time is in decaauts)
 A = Elapsed time spent in this place.
 B = Non-inter-level travel time spent in this place.
 C = Inter-level travel time spent in this place.
 D = Time resting spent in this place.
 E = Time spent auto-exploring this place.
 F = Levels seen in this place.
 G = Mean time per level.
                   A        B        C        D        E       F      G
               +--------+--------+--------+--------+--------+-----+--------+
         Total |   8277 |   7917 |    360 |   1903 |   4329 |  10 |  827.7 |
       Dungeon |   7617 |   7267 |    350 |   1635 |   4147 |   8 |  952.1 |
        Temple |    154 |    145 |      9 |    100 |     19 |   1 |  154.0 |
       Ossuary |    504 |    504 |      0 |    167 |    162 |   1 |  504.0 |
               +--------+--------+--------+--------+--------+-----+--------+

Top non-repeatable levels by time:
     D:7: 1769 daAuts
     D:2: 1509 daAuts
     D:5: 1165 daAuts
     D:4: 1065 daAuts
     D:6: 1016 daAuts
 Ossuary: 504 daAuts
     D:3: 445 daAuts
     D:1: 410 daAuts
     D:8: 236 daAuts
  Temple: 154 daAuts
